 Dungeon Sprint DCSS version 0.31-a0-1591-g515db51633 (webtiles) character file.

Game seed: 1361053406657517328

1276 Conn the Arsonist (level 8, -2/46 HPs)
             Began as an Octopode Fire Elementalist on Jan 6, 2024.
             Was a Follower of Sif Muna.
             Slain by a polar bear (4 damage)
             ... in the Dungeon (Sprint II: "The Violet Keep of Menkaure").
             The game lasted 00:04:14 (353 turns).

Conn the Arsonist (Octopode Fire Elementalist)       Turns: 353, Time: 00:04:19

Health: -2/46      AC:  1    Str:  7    XL:     8   Next: 54%
Magic:  3/19       EV: 17    Int: 20    God:    Sif Muna [*.....]
Gold:   389        SH:  0    Dex: 18    Spells: 12/22 levels left

rFire   + .          .
                       - Unarmed
rCold   + . .        (no shield)
rNeg    . . .        (helmet restricted)
rPois   +            (no amulet)
rElec   +            e - +6 ring of dexterity
rCorr   +            (no ring)
SInv    .            (no ring)
Will    +....        (no ring)
Stlth   ++++++       (no ring)
HPRegen 0.27/turn    (no ring)
MPRegen 0.16/turn    (no ring)
                     (no ring)

%: no teleportation
@: resistant, attractive, enlightened, flying
A: almost no armour, amphibious, 8 rings, camouflage 1, gelatinous body 1,
nimble swimmer 1, tentacles
a: Renounce Religion, Channel Magic


You were in the Dungeon.
You worshipped Sif Muna.
Sif Muna was aware of your devotion.
You visited 1 branch You collected 389 gold pieces.

Inventory:

Missiles
 r - 3 atropa-tipped darts
Armour
 q - a +2 tower shield
Jewellery
 e - a +6 ring of dexterity (left tentacle)
Scrolls
 f - 2 scrolls of blinking
 j - a scroll of enchant armour
 n - 2 scrolls of torment
 o - a scroll of enchant weapon
 p - a scroll of fog
Potions
 a - 5 potions of magic
 b - 3 potions of curing
 d - 3 potions of brilliance
 g - 3 potions of resistance
 i - a potion of mutation
 k - 3 potions of attraction
 l - a potion of might
 m - 2 potions of enlightenment


   Skills:
 + Level 6.8 Dodging
 - Level 6.6 Stealth
 + Level 3.9 Shields
 - Level 1.5 Unarmed Combat
 * Level 7.9 Spellcasting
 * Level 7.0 Conjurations
 + Level 3.9 Hexes
 + Level 10.0 Fire Magic
 * Level 6.3 Invocations


You had 12 spell levels left.
You knew the following spells:

 Your Spells              Type           Power      Damage    Failure   Level
a - Foxfire               Conj/Fire      100%       2x1d9     1%          1
b - Scorch                Fire           96%        2d9       1%          2
c - Inner Flame           Hex/Fire       35%        N/A       1%          3
d - Flame Wave            Conj/Fire      42%        2d11      2%          4

Your spell library contained the following spells:

 Spells                   Type           Power      Damage    Failure   Level
 Volatile Blastmotes      Fire/Tloc      56%        2d14      3%          3


Dungeon Overview and Level Annotations

Branches:
Dungeon (1/1)

Altars:
Cheibriados
Dithmenos
Elyvilon
Fedhas
Gozag
Hepliaklqana
Kikubaaqudgha
Makhleb
Nemelex Xobeh
Okawaru
Qazlal
Ru
Sif Muna
Trog
Uskayaw
Vehumet
Wu Jian
Xom
Yredelemnul
Zin
The Shining One
Jiyva
Lugonu


Innate Abilities, Weirdness & Mutations

You cannot wear most types of armour.
You are amphibious.
You can wear up to eight rings at the same time.
Your skin changes colour to match your surroundings (Stealth+).
Your rubbery body absorbs attacks. (AC +1, EV +1)
You are camouflaged when in or above water. (Stealth+)
You have tentacles for arms and can constrict up to eight enemies at once.


Message History

You kill the swamp drake!
Sif Muna accepts your kill.
The flame wave engulfs the polar bear but does no damage.
The polar bear is moderately wounded. (Press . to intensify the flame waves.)
The polar bear bites you. The polar bear claws you. x2
The yaktaur is engulfed in blazing flames.
Sif Muna accepts your kill.
You can now call upon Sif Muna for magical energy.
The yaktaur explodes!
Sif Muna accepts your kill.
You feel a bit more experienced.
The fiery explosion engulfs the polar bear!
The polar bear is heavily wounded.
The fiery explosion engulfs the hornet!!
You kill the hornet!
Sif Muna accepts your kill.
You hear an angry hiss.
Your magical contamination has completely faded away.
Your Dodging skill increases to level 6!
Your Shields skill increases to level 3!
Your Spellcasting skill increases to level 7!
Your Conjurations skill gained 3 levels and is now at level 7!
Your Hexes skill increases to level 3!
Your Fire Magic skill increases to level 10!
Your Invocations skill gained 3 levels and is now at level 6!
You have reached level 8!
A wave of flame ripples out!
The flame wave engulfs the polar bear!
The polar bear is severely wounded.
The polar bear is engulfed in blazing flames.
The polar bear goes berserk!
Unknown command.
Unknown command.
A wave of flame ripples out!
The flame wave engulfs the polar bear!
The polar bear is almost dead.
You finish channelling waves of flame.
The polar bear bites you!!
Ouch! That really hurt!
* * * LOW HITPOINT WARNING * * *
The polar bear completely misses you. The polar bear claws you.
You die...

##.. #○[▓..)...(.▓▓ . .####
+.####}}▓....)().▓▓ #s ...#
...####▓[)..[..[▓▓ $# ###..##
#..# $#▓......[.▓▓ +###.##..#
+..# .#▓)[)(%(.)▓▓ †##...#..#
#^.# .#▓.(.)....▓▓
<.'##.'†.####..##)#▓....((.[▓▓
.##...#....###.§h##▓▓▓▓▓▓▓'▓▓▓▓+▓
+###.##......§§§@§§~~~~~~~...≈≈≈▓
###~~.....§#'########+###.≈X≈▓
#~~~~~~~..§#....._._#l~~##≈≈≈▓
#~~~~§~~§§§#...._._.#l~≈≈####▓
#~~~≈≈≈~~~~~#..._._._#l~~~≈#
~~~~~≈§≈≈~§§#.._._._.#~~~§§§
++#~§§≈≈§≈§§#._._._._#~~§~§§
##§≈≈###§§#_._._._.#~§~§≈~ ##§≈
#≈≈#._._._..#~~≈


You could see a polar bear (berserk).

Vanquished Creatures
  A yaktaur (D)
  A hornet (D)
  2 polar bears (D)
  A swamp drake (D)
  A crocodile (D)
  4 necrophages (D)
10 creatures vanquished.

Vanquished Creatures (others)
  5 foxfires (D)
5 creatures vanquished.

Grand Total: 15 creatures vanquished

Notes
Turn   | Place    | Note
-------+----------+-------------------------------------------
     0 | D        | Conn the Octopode Fire Elementalist began the quest for the
                  | Orb.
     0 | D        | Reached XP level 1. HP: 11/11 MP: 3/3
     5 | D        | Noticed a scorpion
     5 | D        | Noticed a scorpion
     8 | D        | Noticed a necrophage
     8 | D        | Noticed a necrophage
     8 | D        | Noticed a necrophage
     8 | D        | Noticed a necrophage
    19 | D        | Killed a necrophage
    20 | D        | Reached skill level 6 in Fire Magic
    20 | D        | Reached XP level 2. HP: 17/17 MP: 0/6
    20 | D        | Reached XP level 3. HP: 21/21 MP: 0/8
    20 | D        | Reached XP level 4. HP: 27/27 MP: 0/9
    22 | D        | Killed a necrophage
    23 | D        | Reached skill level 1 in Unarmed Combat
    23 | D        | Reached skill level 7 in Fire Magic
    23 | D        | Reached XP level 5. HP: 31/31 MP: 0/11
    28 | D        | Reached skill level 5 in Stealth
    28 | D        | Reached skill level 8 in Fire Magic
    32 | D        | Reached skill level 5 in Spellcasting
    32 | D        | Reached XP level 6. HP: 36/36 MP: 1/13
    45 | D        | Learned a level 2 spell: Scorch
    49 | D        | Learned a level 3 spell: Inner Flame
    54 | D        | Learned a level 4 spell: Flame Wave
    76 | D        | Reached skill level 5 in Dodging
    76 | D        | Reached skill level 9 in Fire Magic
    78 | D        | Found a snail-covered altar of Cheibriados.
    79 | D        | Found a shadowy altar of Dithmenos.
    79 | D        | Found a viscous altar of Jiyva.
    80 | D        | Found a white marble altar of Elyvilon.
    80 | D        | Found an ancient bone altar of Kikubaaqudgha.
    80 | D        | Found a hazy altar of Hepliaklqana.
    80 | D        | Found a sacrificial altar of Ru.
    81 | D        | Found a blossoming altar of Fedhas.
    81 | D        | Found a corrupted altar of Lugonu.
    81 | D        | Found a shimmering blue altar of Sif Muna.
    82 | D        | Found an opulent altar of Gozag.
    82 | D        | Found a burning altar of Makhleb.
    82 | D        | Found a bloodstained altar of Trog.
    83 | D        | Found a sparkling altar of Nemelex Xobeh.
    83 | D        | Found a hide-covered altar of Uskayaw.
    84 | D        | Found a basalt altar of Yredelemnul.
    85 | D        | Found an iron altar of Okawaru.
    85 | D        | Found a radiant altar of Vehumet.
    85 | D        | Found a glowing silver altar of Zin.
    85 | D        | Found a shimmering altar of Xom.
    86 | D        | Found a stormy altar of Qazlal.
    86 | D        | Found an ornate altar of the Wu Jian Council.
    86 | D        | Found a glowing golden altar of the Shining One.
    93 | D        | Became a worshipper of Sif Muna the Loreminder
   109 | D        | Noticed a kraken
   340 | D        | Noticed a yaktaur
   340 | D        | Noticed a hornet
   340 | D        | Noticed a polar bear
   341 | D        | Noticed a polar bear
   342 | D        | Noticed a polar bear
   347 | D        | Noticed a swamp drake
   348 | D        | Killed a polar bear
   349 | D        | Reached XP level 7. HP: 26/41 MP: 10/16
   351 | D        | Killed a yaktaur
   351 | D        | Reached * piety under Sif Muna
   351 | D        | Killed a polar bear
   351 | D        | Killed a hornet
   352 | D        | Reached skill level 10 in Fire Magic
   352 | D        | Reached XP level 8. HP: 25/46 MP: 5/19
   353 | D        | HP: 2/46 [polar bear (24)]
   353 | D        | Slain by a polar bear

Illustrated notes

Levels and vault maps discovered:
D:        the_violet_keep_of_menkaure [sprint2_stairs_cluster_1,
          sprint2_shoproom, sprint2_temple, sprint2_basic_supplies,
          sprint2_obstacle_1, sprint2_obstacle_6, sprint2_obstacle_3,
          sprint2_obstacle_2, sprint2_obstacle_7, sprint2_timed_cluster_1,
          sprint2_smallroom_cluster_1, sprint2_smallroom_final_cluster_1,
          sprint2_transparent_cluster_1, sprint2_second_timed_cluster_1,
          sprint2_sniper_area_1, sprint2_heavy_combat_area_1,
          sprint2_mutation_trap_area_1, sprint2_forest_area_1,
          sprint2_light_combat_area_1, sprint2_behind_water_1,
          sprint2_near_end_vault_1]

Skill      XL: |  1  2  3  4  5  6  7 |
---------------+----------------------+-----
Dodging        | 3 4 5 6 |  6.8
Stealth        | 3 4 6 |  6.6
Spellcasting   | 3 4 5 6 7 |  7.9
Fire Magic     | 6 7 8 9 10 | 10.0
Unarmed Combat | 1 |  1.5
Conjurations   | 3 4 7 |  7.0
Shields        | 2 3 |  3.9
Hexes          | 2 3 |  3.9
Invocations    | 3 6 |  6.3

Action                     |  1- 3 |  4- 6 |  7- 9 || total
---------------------------+-------+-------+-------++-------
  Melee: Unarmed           |     5 |    10 |       ||    15
         Constrict         |     2 |     3 |       ||     5
         Tentacles         |       |     5 |       ||     5
   Cast: Foxfire           |     3 |       |       ||     3
         Scorch            |       |     3 |       ||     3
         Flame Wave        |       |     2 |     1 ||     3
         Inner Flame       |       |     1 |       ||     1
    Use: Potion            |     2 |     4 |     1 ||     7
         Scroll            |       |     7 |       ||     7
 Armour: Skin              |     1 |     9 |    10 ||    20
  Dodge: Dodged            |       |    21 |     4 ||    25

Table legend: (Time is in decaauts)
 A = Elapsed time spent in this place.
 B = Non-inter-level travel time spent in this place.
 C = Inter-level travel time spent in this place.
 D = Time resting spent in this place.
 E = Time spent auto-exploring this place.
 F = Levels seen in this place.
 G = Mean time per level.
                   A        B        C        D        E       F      G
               +--------+--------+--------+--------+--------+-----+--------+
         Total |    348 |    348 |      0 |     55 |      0 |   1 |  348.0 |
       Dungeon |    348 |    348 |      0 |     55 |      0 |   1 |  348.0 |
               +--------+--------+--------+--------+--------+-----+--------+

Top non-repeatable levels by time:
       D: 348 daAuts
